 Dungeon Crawl Stone Soup version 0.29.1-2-gbd0b4ee654 (webtiles) character file.

Game seed: 14394946457055715098

2409 Earthwalker the Fighter (level 9, -11/81 HPs)
             Began as a Minotaur Fighter on Oct 23, 2022.
             Was a Priest of Okawaru.
             Mangled by a sun demon (23 damage)
             ... summoned by a kobold demonologist
             ... on level 7 of the Dungeon.
             The game lasted 00:17:37 (6091 turns).

Earthwalker the Fighter (Minotaur Fighter)          Turns: 6091, Time: 00:17:38

Health: -11/81     AC:  8    Str: 31    XL:     9   Next: 23%
Magic:  8/8        EV: 11    Int:  5    God:    Okawaru [***...]
Gold:   467        SH:  5    Dex: 10    Spells: 8/8 levels left

rFire   . . .      SeeInvis .   a - +0 war axe
rCold   . . .      Faith    .   c - +0 buckler
rNeg    . . .      Spirit   .   b - +0 scale mail
rPois   +          Reflect  .   (helmet restricted)
rElec   .          Harm     .   (no cloak)
rCorr   .          Rampage  .   (no gloves)
Will    .....                   (no boots)
Stlth   ..........              (no amulet)
HPRegen 0.23/turn               l - ring of poison resistance
MPRegen 0.11/turn               f - +6 ring of strength

@: no status effects
A: horns 2, retaliatory headbutt
a: Renounce Religion, Heroism


You were on level 7 of the Dungeon.
You worshipped Okawaru.
Okawaru was most pleased with you.
You visited 1 branch of the dungeon, and saw 7 of its levels.
You also visited: Sewer.

You collected 467 gold pieces.

Inventory:

Hand Weapons
 a - a +0 war axe (weapon)
Missiles
 D - 2 poisoned darts (quivered)
Armour
 b - a +0 scale mail (worn)
 c - a +0 buckler (worn)
Jewellery
 f - a +6 ring of strength (right hand)
 h - a ring of resist corrosion
 l - a ring of poison resistance (left hand)
 x - a +4 ring of protection
Scrolls
 e - 2 scrolls of noise {unknown}
 i - 7 scrolls of teleportation {unknown}
 j - 10 scrolls of identify {unknown}
 m - a scroll of vulnerability {unknown}
 o - a scroll of amnesia {unknown}
 p - 2 scrolls of immolation {unknown}
 s - 2 scrolls of enchant weapon {unknown}
 u - 2 scrolls of torment {unknown}
 v - a scroll of enchant armour {unknown}
 y - a scroll of blinking
 A - a scroll of butterflies {unknown}
Potions
 d - a potion of might
 g - 2 potions of invisibility {unknown}
 k - a potion of magic {unknown}
 n - a potion of lignification {unknown}
 q - 3 potions of heal wounds {unknown}
 r - 2 potions of degeneration {unknown}
 t - 2 potions of brilliance {unknown}
 w - a potion of flight {unknown}
 z - 5 potions of curing {unknown}
 B - a potion of attraction {unknown}
 C - a potion of resistance {unknown}
 E - a potion of haste {unknown}
 F - a potion of mutation {unknown}


   Skills:
 * Level 8.1 Fighting
 * Level 7.3 Axes
 * Level 7.8 Armour
 + Level 4.2 Dodging
 * Level 7.9 Shields


You had 8 spell levels left.
You didn't know any spells.
Your spell library contained the following spells:

 Spells                   Type           Power      Damage    Failure   Level
 Sting                    Tmut/Pois      0%         1d3       77%         1
 Poisonous Vapours        Pois/Air       0%         N/A       88%         2
 Gell's Gravitas          Tloc           0%         N/A       98%         3
 Lesser Beckoning         Tloc           0%         N/A       98%         3
 Teleport Other           Tloc           0%         N/A       98%         3
 Olgreb's Toxic Radiance  Pois           0%         N/A       100%        4


Dungeon Overview and Level Annotations

Branches:
Dungeon (7/15)             Temple (0/1) D:5           Sewer (visited)

Altars:
Okawaru
Uskayaw

Shops:
D:2 [


Innate Abilities, Weirdness & Mutations

You have a pair of horns on your head.
You reflexively headbutt those who attack you in melee.


Message History

The kobold demonologist looks satisfied for a moment.
You block the kobold demonologist's attack.
You hit the kobold demonologist but do no damage.
Your headbutt misses the kobold demonologist.
The kobold demonologist hits you but does no damage.
You barely miss the kobold demonologist.
The kobold demonologist gestures wildly while chanting.
You closely miss the kobold demonologist.
You closely miss the sun demon.
The kobold demonologist hits you but does no damage.
The sun demon hits you but does no damage.
You hit the kobold demonologist but do no damage.
Your headbutt misses the kobold demonologist.
You hit the sun demon.
The kobold demonologist gestures wildly while chanting.
The sun demon hits you.
You are engulfed in flames!
You block the kobold demonologist's attack.
The sun demon hits you but does no damage.
You barely miss the kobold demonologist.
Your headbutt misses the kobold demonologist.
You closely miss the shadow imp. You slash the sun demon!
The sun demon hits you.
You are engulfed in flames!
The kobold demonologist hits you but does no damage.
The shadow imp gestures at you. Pain shoots through your body!
The crimson imp puffs mist at you.
You closely miss the kobold demonologist.
You slash the shadow imp!
You kill the shadow imp!
The shadow imp disappears in a puff of smoke!
You closely miss the sun demon. The sun demon hits you.
You are engulfed in flames!!
* * * LOW HITPOINT WARNING * * *
The kobold demonologist barely misses you.
The crimson imp spits at you. The sun demon closely misses you.
You miss the kobold demonologist. You hit the sun demon.
You block the kobold demonologist's attack.
The sun demon hits you!!
You die...

##########################
########............[............
.....##....#######†.....)........
.....##....# #>..†)....).......
.....##....# #§#...............
...........# #@#...............
##.........# #3K5.....K........
#.........# ###...............
#.........# #...............
#.........# #.............$.
#.........# #...............
#.........# #...............
##....<#### #...............
#######


You could see a sun demon (summoned), a kobold demonologist and a white imp
(summoned).

Vanquished Creatures
  A wyvern (D:7)
  A steam dragon (D:6)
  Menkaure (D:6)
  A water moccasin (D:6)
  Duvessa (D:5)
  An ice beast (D:5)
  An ogre (D:5)
  2 black bears
  3 phantoms (D:4)
  4 bullfrogs
  3 necrophages
  A scorpion (D:5)
  Dowan (D:5)
  A wight (D:7)
  3 jellies
  3 orc priests
  4 hounds
  3 iguanas
  An orc wizard (D:5)
  6 adders
  A shadow imp (D:6)
  2 white imps
  An ufetubus (D:6)
  2 worms
  2 dart slugs
  17 orcs
  11 endoplasms
  10 giant cockroaches
  9 goblins
  8 hobgoblins
  4 jackals
  11 quokkas
  12 ball pythons
  8 bats
  14 frilled lizards
  10 kobolds
  2 rats (D:1)
166 creatures vanquished.

Notes
Turn   | Place    | Note
-------+----------+-------------------------------------------
     0 | D:1      | Earthwalker the Minotaur Fighter began the quest for the
                  | Orb.
     0 | D:1      | Reached XP level 1. HP: 19/19 MP: 0/0
   256 | D:1      | Reached XP level 2. HP: 27/27 MP: 1/1
   369 | D:1      | Found a faded altar of an unknown god.
   402 | D:1      | Reached skill level 4 in Fighting
   810 | D:1      | Reached XP level 3. HP: 33/33 MP: 2/2
  1036 | D:2      | Found Yseunoyte's Armour Emporium.
  1158 | D:2      | Found a hide-covered altar of Uskayaw.
  1712 | D:3      | Reached XP level 4. HP: 21/41 MP: 3/3
  1715 | D:3      | Reached skill level 1 in Dodging
  1920 | D:3      | Reached XP level 5. HP: 42/47 MP: 4/4
  2376 | D:3      | Found an iron altar of Okawaru.
  2384 | D:3      | Became a worshipper of Warmaster Okawaru
  2487 | D:4      | Noticed a phantom
  2497 | D:4      | Killed a phantom
  2498 | D:4      | Reached skill level 5 in Fighting
  2549 | D:4      | Noticed a black bear
  2556 | D:4      | Killed a black bear
  2556 | D:4      | Reached * piety under Okawaru
  2557 | D:4      | Reached skill level 5 in Armour
  2557 | D:4      | Reached skill level 5 in Shields
  2557 | D:4      | Reached XP level 6. HP: 43/56 MP: 5/5
  2724 | D:4      | Found a glowing drain.
  2745 | Sewer    | Entered a sewer
  3237 | D:4      | Reached XP level 7. HP: 46/62 MP: 6/6
  3693 | D:4      | Reached skill level 5 in Axes
  3715 | D:4      | Reached skill level 6 in Fighting
  3924 | D:5      | Entered Level 5 of the Dungeon
  3930 | D:5      | Found a staircase to the Ecumenical Temple.
  3948 | D:5      | Reached ** piety under Okawaru
  3987 | D:5      | Reached XP level 8. HP: 48/71 MP: 7/7
  4292 | D:5      | Noticed Dowan
  4298 | D:5      | Noticed Duvessa
  4299 | D:5      | Killed Duvessa
  4304 | D:5      | Killed Dowan
  4305 | D:5      | Reached skill level 7 in Fighting
  4965 | D:6      | Noticed Menkaure
  4996 | D:6      | Killed Menkaure
  4996 | D:6      | Reached *** piety under Okawaru
  5204 | D:6      | Reached XP level 9. HP: 30/80 MP: 8/8
  5952 | D:7      | Reached skill level 8 in Fighting
  6064 | D:7      | Noticed a kobold demonologist
  6087 | D:7      | Noticed a sun demon
  6091 | D:7      | Mangled by a sun demon

Illustrated notes

Levels and vault maps discovered:
D:1:      onia_arrival_mini_maze_b, layout_basic, ebering_ecumenical_altar_ruins
D:2:      layout_loops_ring, serial_shops, nicolae_shop_stone, basic_altar
D:3:      layout_loops_ring, okawaru_metal_pillars_1_2, serial_bayou_pond_e
D:4:      kennysheep_six_static_rooms, layout_loops_ring,
          cheibrodos_sewer_entry_bend, minmay_fractal_squares_gapless_5
D:5:      layout_rooms, minmay_temple_entry_tees, uniq_duvessa
D:6:      layout_loops_ring, uniq_menkaure
D:7:      cheibrodos_quashed, layout_basic, uniq_maggie

Skill      XL: |  1  2  3  4  5  6  7  8  9 |
---------------+----------------------------+-----
Fighting       | 4 5 6 7 8 |  8.1
Axes           | 3 4 5 7 |  7.3
Shields        | 4 5 6 7 |  7.9
Armour         | 4 5 6 7 |  7.8
Dodging        | 1 2 3 4 |  4.2

Action                   |  1- 3 |  4- 6 |  7- 9 || total
-------------------------+-------+-------+-------++-------
Melee: War axe           |    91 |   129 |   173 ||   393
       Headbutt          |    12 |    14 |    31 ||    57
Throw: Boomerang         |       |       |     6 ||     6
Armor: Scale mail        |    40 |    57 |    50 ||   147
Dodge: Dodged            |    52 |    67 |    85 ||   204
Block: Buckler           |    19 |    32 |    40 ||    91
